Senateurs vs Rangers
Created - January 3, 2024 at 21:41
Goals
|
| Senateurs |
2 |
0 |
2 |
4 |
| Rangers |
1 |
1 |
1 |
3 |
|
Shots
|
| Senateurs |
15 |
12 |
15 |
42 |
| Rangers |
9 |
9 |
10 |
28 |
|
1st period
1. Rangers , Devante Smith-Pelly 9 (Milan Lucic 26, Sean Couturier 30) at 15:37
2. Senateurs , Eric Gelinas 3 (Cody Eakin 4) at 18:23
3. Senateurs , Derick Brassard 17 (David Backes 21) at 18:59
Penalties :
No Penalty
2nd period
4. Rangers , Chris Mcallister 4 (Dmitry Kulikov 11, Jake McCabe 11) at 0:17
Penalties :
Ladislav Smid (Ott) for Holding (Minor) at 9:10, Chris Mcallister (NyR) for Slashing (Minor) at 19:56
3rd period
5. Senateurs , Derick Brassard 18 (David Backes 22, Brandon Sutter 26) at 2:12
6. Senateurs , Brandon Sutter 10 (David Backes 23, Derick Brassard 21) at 4:01
7. Rangers , Patrik Nemeth 3 (Devante Smith-Pelly 9) at 12:25 (PP)
Penalties :
Ladislav Smid (Ott) for Roughing (Minor) at 6:29, Eric Gelinas (Ott) for Hooking (Minor) at 11:51, Michael Frolik (Ott) for Tripping (Minor) at 18:50
Goalie Stats
Jaroslav Halak (Ott), 25 saves from 28 shots - (0.893), W, 5-3-0, 60:00 minutes
Frederik Andersen (NyR), 38 saves from 42 shots - (0.905), L, 7-7-0, 60:00 minutes
Players Stats for Senateurs
Player Name G A P +/- PIM S H SB GA TA FO MP PP MP PK MP
------------------------------------------------------------------------------------
Brandon Dubinsky 0 0 0 0 0 1 1 0 0 0 1/5 11:43 0:00 0:00
Brandon Sutter 1 1 2 2 0 5 1 0 1 0 21/36 22:13 1:22 2:54
Braydon Coburn 0 0 0 1 0 1 0 0 0 0 0/0 16:17 0:00 2:01
Cody Eakin 0 1 1 1 0 0 2 0 1 0 3/3 8:13 0:00 0:00
David Backes 0 3 3 2 0 7 0 0 1 1 0/1 19:19 1:22 0:00
Dennis Everberg 0 0 0 1 0 0 1 0 0 0 1/1 8:13 0:00 0:00
Derick Brassard 2 1 3 2 0 3 3 0 0 0 2/2 22:13 1:22 2:54
Eric Gelinas 1 0 1 1 2 2 2 0 2 2 0/0 20:15 0:32 1:50
Erik Gudbranson 0 0 0 0 0 2 1 2 1 0 0/0 24:48 1:27 3:10
Erik Haula 0 0 0 -1 0 0 0 0 1 0 10/17 17:51 0:37 2:47
Jordan Martinook 0 0 0 -1 0 4 4 0 0 1 0/0 17:51 0:37 2:47
Ladislav Smid 0 0 0 1 4 1 2 1 0 0 0/0 19:04 0:32 0:40
Mark Stuart 0 0 0 0 0 2 2 1 1 0 0/0 24:48 1:27 3:10
Michael Frolik 0 0 0 0 2 3 2 0 1 1 0/0 11:42 0:00 0:00
Riley Sheahan 0 0 0 -1 0 4 0 0 0 0 3/3 15:03 0:37 0:00
Rostislav Olesz 0 0 0 0 0 1 1 0 0 0 0/1 11:43 0:00 0:00
Taylor Chorney 0 0 0 1 0 1 0 1 0 2 0/0 14:46 0:00 0:31
Tim Schaller 0 0 0 1 0 5 0 0 0 0 0/0 8:13 0:00 0:00
Players Stats for Rangers
Player Name G A P +/- PIM S H SB GA TA FO MP PP MP PK MP
------------------------------------------------------------------------------------
Cale Makar 0 0 0 -2 0 1 0 0 0 0 0/0 19:36 2:43 0:22
Chris Mcallister 1 0 1 0 2 1 1 0 0 1 0/0 5:34 0:00 0:00
Devante Smith-Pelly 1 1 2 -1 0 2 0 0 0 0 1/2 21:38 3:19 0:20
Dmitry Kulikov 0 1 1 0 0 3 2 1 0 4 0/0 28:36 2:58 1:37
Henrik Samuelsson 0 0 0 0 0 2 1 0 0 0 3/7 12:32 0:00 0:00
Jake McCabe 0 1 1 0 0 2 0 2 1 1 0/0 28:36 2:58 1:37
Magnus Paajarvi 0 0 0 0 0 0 0 0 0 0 0/0 2:22 0:10 0:00
Mikhail Sergachev 0 0 0 0 0 0 1 0 0 0 0/0 11:48 0:00 0:00
Milan Lucic 0 1 1 -1 0 3 3 2 3 1 1/8 26:30 3:29 1:39
Oliver Bjorkstrand 0 0 0 1 0 1 0 0 0 0 0/0 5:18 0:00 0:00
Ondrej Palat 0 0 0 -1 0 1 3 0 1 0 0/2 18:26 2:12 0:00
Patrik Nemeth 1 0 1 -2 0 1 1 2 0 1 0/0 19:36 2:43 0:22
Richard Panik 0 0 0 0 0 2 0 0 0 0 0/0 12:42 0:10 0:00
Ryan Strome 0 0 0 -1 0 0 3 0 0 0 0/1 18:26 2:12 0:00
Sean Couturier 0 1 1 -2 0 4 0 2 1 1 16/32 23:14 3:19 1:39
T.J Galiardi 0 0 0 0 0 2 0 0 1 0 1/1 12:32 0:00 0:00
Tomas Hertl 0 0 0 -1 0 3 2 0 0 0 6/16 18:46 2:12 0:20
Vince Dunn 0 0 0 0 0 0 1 0 0 0 0/0 11:48 0:00 0:00
3 Stars
1 - Derick Brassard (Ott)
2 - Brandon Sutter (Ott)
3 - David Backes (Ott)
Power Play
Senateurs - 0 on 1 Attempt(s) - 0.00%
Rangers - 1 on 4 Attempt(s) - 25.00%
Penalty Kill
Senateurs - 3 on 4 Attempt(s) - 75.00%
- Score 0 goal in Penalty Kill
Rangers - 1 on 1 Attempt(s) - 100.00%
- Score 0 goal in Penalty Kill
Team Stat
Senateurs - Hits : 22 - Faceoff Wins : 41 - Blocked Shots : 5 - Penalty Minutes : 8
Rangers - Hits : 18 - Faceoff Wins : 28 - Blocked Shots : 9 - Penalty Minutes : 2
Official
Referees : Garrett Rank and Michael Markovic
Linesman : Bevan Mills and Bryan Pancich
Game Notes
7:55 of 1st period - Senateurs goal is going for a video replay. After video review, No Goal. The net was displaced accidentally.
Finance
Level 1 -- Attendance: 6000 (100.00%) -- Ticket Income $600,000
Level 2 -- Attendance: 5000 (100.00%) -- Ticket Income $300,000
Level 3 -- Attendance: 1828 (91.40%) -- Ticket Income $63,980
Level 4 -- Attendance: 4000 (100.00%) -- Ticket Income $100,000
Luxury Box -- Attendance: 905 (90.50%) -- Ticket Income $181,000
Game was played at the Madison Square Garden.
Total Attendance: 17733 (98.52%)
Total Ticket Income: $1,244,980
Other Income: $186,747
Total Income: $1,431,727
Senateurs
5 vs 5 Forward
Center Left Wing Right Wing Time % Phy DF OF
1 Brandon Sutter Derick Brassard David Backes 40 0 2 3
2 Erik Haula Jordan Martinook Riley Sheahan 30 0 2 3
3 Brandon Dubinsky Rostislav Olesz Michael Frolik 20 0 2 3
4 Cody Eakin Tim Schaller Dennis Everberg 10 0 3 2
5 vs 5 Defense
Defense Defense Time % Phy DF OF
1 Erik Gudbranson Mark Stuart 40 1 2 2
2 Eric Gelinas Ladislav Smid 35 1 2 2
3 Braydon Coburn Taylor Chorney 25 1 2 2
4 Erik Gudbranson Mark Stuart 0 1 2 2
PowerPlay Forward
Center Left Wing Right Wing Time % Phy DF OF
1 Brandon Sutter Derick Brassard David Backes 60 0 1 4
2 Erik Haula Jordan Martinook Riley Sheahan 40 0 1 4
PowerPlay Defense
Defense Defense Time % Phy DF OF
1 Erik Gudbranson Mark Stuart 60 0 1 4
2 Eric Gelinas Ladislav Smid 40 0 1 4
Penalty Kill 4 Players Forward
Center Wing Time % Phy DF OF
1 Brandon Sutter Derick Brassard 50 1 3 1
2 Erik Haula Jordan Martinook 50 1 3 1
Penalty Kill 4 Players Defense
Defense Defense Time % Phy DF OF
1 Erik Gudbranson Mark Stuart 50 1 3 1
2 Eric Gelinas Ladislav Smid 50 1 3 1
Penalty Kill - 3 Players Forward
Forward Time % Phy DF OF
1 Brandon Sutter 50 1 4 0
2 Erik Haula 50 1 4 0
Penalty Kill - 3 Players Defense
Defense Defense Time % Phy DF OF
1 Erik Gudbranson Mark Stuart 50 1 4 0
2 Eric Gelinas Ladislav Smid 50 1 4 0
4 vs 4 Forward
Center Wing Time % Phy DF OF
1 Brandon Sutter Derick Brassard 60 0 2 3
2 Erik Haula Jordan Martinook 40 1 2 2
4 vs 4 Defense
Defense Defense Time % Phy DF OF
1 Erik Gudbranson Mark Stuart 60 1 2 2
2 Eric Gelinas Ladislav Smid 40 1 2 2
Last Minutes Offensive
Center Left Wing Right Wing Defense Defense
Brandon Sutter Derick Brassard David Backes Erik Gudbranson Eric Gelinas
Last Minutes Defensive
Center Left Wing Right Wing Defense Defense
Brandon Sutter Derick Brassard David Backes Erik Gudbranson Eric Gelinas
Goaltenders
Starting : Jaroslav Halak
Backup : Martin Jones
Extra Forwards
Normal : Michael Frolik, Riley Sheahan, Brandon Dubinsky - PP : Michael Frolik, Riley Sheahan - PK : Michael Frolik
Extra Defensemen
Normal : Braydon Coburn, Taylor Chorney, Ladislav Smid - PP : Braydon Coburn - PK : Braydon Coburn, Taylor Chorney
Penalty Shots
Derick Brassard, Brandon Sutter, Erik Haula, David Backes, Michael Frolik
Custom OT Lines Forwards
Derick Brassard, Brandon Sutter, Erik Haula, David Backes, Michael Frolik, Riley Sheahan, Brandon Dubinsky, Jordan Martinook, Cody Eakin, Dennis Everberg
Custom OT Lines Defensemen
Erik Gudbranson, Eric Gelinas, Mark Stuart, Braydon Coburn, Taylor Chorney
Scratches
Dmitry Sinitsyn (Healthy), Garnet Hathaway (Healthy), Kyle Rau (Healthy)
Rangers
5 vs 5 Forward
Center Left Wing Right Wing Time % Phy DF OF
1 Sean Couturier Milan Lucic Devante Smith-Pelly 40 1 2 2
2 Tomas Hertl Ondrej Palat Ryan Strome 30 1 2 2
3 Henrik Samuelsson T.J Galiardi Richard Panik 20 1 2 2
4 Milan Lucic Chris Mcallister Oliver Bjorkstrand 10 1 2 2
5 vs 5 Defense
Defense Defense Time % Phy DF OF
1 Jake McCabe Dmitry Kulikov 40 1 2 2
2 Patrik Nemeth Cale Makar 30 1 2 2
3 Mikhail Sergachev Vince Dunn 20 1 2 2
4 Jake McCabe Dmitry Kulikov 10 1 2 2
PowerPlay Forward
Center Left Wing Right Wing Time % Phy DF OF
1 Sean Couturier Milan Lucic Devante Smith-Pelly 60 1 2 2
2 Tomas Hertl Ondrej Palat Ryan Strome 40 1 2 2
PowerPlay Defense
Defense Defense Time % Phy DF OF
1 Jake McCabe Dmitry Kulikov 60 1 2 2
2 Patrik Nemeth Cale Makar 40 1 2 2
Penalty Kill 4 Players Forward
Center Wing Time % Phy DF OF
1 Milan Lucic Sean Couturier 60 1 2 2
2 Tomas Hertl Devante Smith-Pelly 40 1 2 2
Penalty Kill 4 Players Defense
Defense Defense Time % Phy DF OF
1 Jake McCabe Dmitry Kulikov 60 1 2 2
2 Patrik Nemeth Cale Makar 40 1 2 2
Penalty Kill - 3 Players Forward
Forward Time % Phy DF OF
1 Milan Lucic 60 1 2 2
2 Sean Couturier 40 1 2 2
Penalty Kill - 3 Players Defense
Defense Defense Time % Phy DF OF
1 Jake McCabe Dmitry Kulikov 60 1 2 2
2 Patrik Nemeth Cale Makar 40 1 2 2
4 vs 4 Forward
Center Wing Time % Phy DF OF
1 Milan Lucic Sean Couturier 60 1 2 2
2 Tomas Hertl Devante Smith-Pelly 40 1 2 2
4 vs 4 Defense
Defense Defense Time % Phy DF OF
1 Jake McCabe Dmitry Kulikov 60 1 2 2
2 Patrik Nemeth Cale Makar 40 1 2 2
Last Minutes Offensive
Center Left Wing Right Wing Defense Defense
Sean Couturier Milan Lucic Devante Smith-Pelly Jake McCabe Dmitry Kulikov
Last Minutes Defensive
Center Left Wing Right Wing Defense Defense
Sean Couturier Milan Lucic Devante Smith-Pelly Jake McCabe Dmitry Kulikov
Goaltenders
Starting : Frederik Andersen
Backup : Samuel Montembeault
Extra Forwards
Normal : Magnus Paajarvi, Richard Panik, Oliver Bjorkstrand - PP : Magnus Paajarvi, Richard Panik - PK : Oliver Bjorkstrand
Extra Defensemen
Normal : Mikhail Sergachev, Vince Dunn, Patrik Nemeth - PP : Mikhail Sergachev - PK : Vince Dunn, Patrik Nemeth
Penalty Shots
Milan Lucic, Sean Couturier, Tomas Hertl, Devante Smith-Pelly, Ryan Strome
Custom OT Lines Forwards
Milan Lucic, Sean Couturier, Tomas Hertl, Devante Smith-Pelly, Ryan Strome, Richard Panik, Ondrej Palat, Oliver Bjorkstrand, T.J Galiardi, Chris Mcallister
Custom OT Lines Defensemen
Jake McCabe, Dmitry Kulikov, Patrik Nemeth, Cale Makar, Mikhail Sergachev
Scratches
Samuel Blais (Healthy), Seth Griffith (Healthy)
% Time on Ice - Senateurs
Lines # - Real PCT - Wanted PCT - Time Play
Normal Forward
1 - 34% - 40% - 17:57
2 - 28% - 30% - 14:27
3 - 22% - 20% - 11:43
4 - 16% - 10% - 8:13
Normal Defense
1 - 39% - 40% - 20:11
2 - 34% - 35% - 17:54
3 - 27% - 25% - 14:15
4 - 0% - 0% - 0:00
PP Forward
1 - 69% - 60% - 1:22
2 - 31% - 40% - 0:37
PP Defense
1 - 73% - 60% - 1:27
2 - 27% - 40% - 0:32
PK Forward
1 - 51% - 50% - 2:54
2 - 49% - 50% - 2:47
PK Defense
1 - 56% - 50% - 3:10
2 - 44% - 50% - 2:31
PK3 Forward
1 - 0% - 50%
2 - 0% - 50%
PK3 Defense
1 - 0% - 50%
2 - 0% - 50%
44 Forward
1 - 0% - 60%
2 - 0% - 40%
44 Defense
1 - 0% - 60%
2 - 0% - 40%
Last Minute Offensive - 0:00
Last Minute Defensive - 0:00
Total
Forward - 60:00
Defense - 60:00
|
% Time on Ice - Rangers
Lines # - Real PCT - Wanted PCT - Time Play
Normal Forward
1 - 35% - 40% - 18:13
2 - 31% - 30% - 16:14
3 - 24% - 20% - 12:32
4 - 10% - 10% - 5:18
Normal Defense
1 - 40% - 40% - 20:54
2 - 32% - 30% - 16:31
3 - 23% - 20% - 11:48
4 - 6% - 10% - 3:04
PP Forward
1 - 61% - 60% - 3:29
2 - 39% - 40% - 2:12
PP Defense
1 - 52% - 60% - 2:58
2 - 48% - 40% - 2:43
PK Forward
1 - 83% - 60% - 1:39
2 - 17% - 40% - 0:20
PK Defense
1 - 82% - 60% - 1:37
2 - 18% - 40% - 0:22
PK3 Forward
1 - 0% - 60%
2 - 0% - 40%
PK3 Defense
1 - 0% - 60%
2 - 0% - 40%
44 Forward
1 - 0% - 60%
2 - 0% - 40%
44 Defense
1 - 0% - 60%
2 - 0% - 40%
Last Minute Offensive - 0:03
Last Minute Defensive - 0:00
Total
Forward - 60:00
Defense - 60:00
|
Play-by-Play
1st period
0:01 of 1st period - Brandon Sutter wins face-off versus Sean Couturier in neutral zone.
0:16 of 1st period - Snap shot by Sean Couturier.
0:16 of 1st period - Stopped by Jaroslav Halak with a rebound.
0:48 of 1st period - Rostislav Olesz is hit by Chris Mcallister and loses puck.
0:57 of 1st period - Snap shot by Rostislav Olesz.
0:57 of 1st period - Stopped by Frederik Andersen with a rebound.
1:35 of 1st period - Wrist shot by David Backes.
1:35 of 1st period - Shot Misses the Net.
1:37 of 1st period - Snap shot by Derick Brassard.
1:37 of 1st period - Stopped by Frederik Andersen without a rebound.
1:38 of 1st period - Erik Haula wins face-off versus Sean Couturier in Rangers zone.
1:50 of 1st period - Off-side.
1:51 of 1st period - Sean Couturier wins face-off versus Brandon Sutter in neutral zone.
2:18 of 1st period - Eric Gelinas is hit by Ondrej Palat and loses puck.
3:42 of 1st period - Slapshot by Milan Lucic.
3:42 of 1st period - Shot Blocked by Erik Gudbranson.
4:50 of 1st period - Eric Gelinas is hit by Mikhail Sergachev and loses puck.
4:57 of 1st period - Sean Couturier is hit by Ladislav Smid and loses puck.
5:10 of 1st period - Slapshot by Henrik Samuelsson.
5:10 of 1st period - Shot Misses the Net.
5:12 of 1st period - Slapshot by Mikhail Sergachev.
5:12 of 1st period - Shot Blocked by Erik Gudbranson.
6:38 of 1st period - Wrist shot by Riley Sheahan.
6:38 of 1st period - Stopped by Frederik Andersen without a rebound.
6:39 of 1st period - Brandon Sutter wins face-off versus Milan Lucic in Rangers zone.
7:44 of 1st period - Cale Makar is hit by Brandon Sutter and loses puck.
7:53 of 1st period - Wrist shot by David Backes.
7:53 of 1st period - Shot Hit the Post.
7:55 of 1st period - Wrist shot by Brandon Sutter.
7:55 of 1st period - Senateurs goal is going for a video replay.
7:55 of 1st period - The goal is refused. The net was displaced accidentally..
7:56 of 1st period - Brandon Sutter wins face-off versus Tomas Hertl in Rangers zone.
8:01 of 1st period - Wrist shot by Brandon Sutter.
8:01 of 1st period - Stopped by Frederik Andersen without a rebound.
8:02 of 1st period - Brandon Sutter wins face-off versus Tomas Hertl in Rangers zone.
8:13 of 1st period - Slapshot by David Backes.
8:13 of 1st period - Stopped by Frederik Andersen with a rebound.
8:15 of 1st period - Snap shot by Brandon Sutter.
8:15 of 1st period - Stopped by Frederik Andersen without a rebound.
8:16 of 1st period - Brandon Sutter wins face-off versus Devante Smith-Pelly in Rangers zone.
8:27 of 1st period - Wrist shot by David Backes.
8:27 of 1st period - Shot Misses the Net.
8:29 of 1st period - Backhand shot by Erik Gudbranson.
8:29 of 1st period - Shot Blocked by Milan Lucic.
8:31 of 1st period - Slapshot by Erik Gudbranson.
8:31 of 1st period - Shot Misses the Net.
8:33 of 1st period - Slapshot by Mark Stuart.
8:33 of 1st period - Stopped by Frederik Andersen with a rebound.
8:43 of 1st period - Mark Stuart is hit by Ryan Strome and loses puck.
8:54 of 1st period - Snap shot by Cale Makar.
8:54 of 1st period - Shot Misses the Net.
8:56 of 1st period - Snap shot by Tomas Hertl.
8:56 of 1st period - Stopped by Jaroslav Halak without a rebound.
8:57 of 1st period - Brandon Sutter wins face-off versus Henrik Samuelsson in Senateurs zone.
9:51 of 1st period - Mikhail Sergachev is hit by Dennis Everberg.
10:32 of 1st period - Dmitry Kulikov is hit by Cody Eakin and loses puck.
10:39 of 1st period - Dennis Everberg is hit by Milan Lucic and loses puck.
11:48 of 1st period - Icing by Tim Schaller.
11:49 of 1st period - Dennis Everberg wins face-off versus Ondrej Palat in Senateurs zone.
11:58 of 1st period - Wrist shot by Cody Eakin.
11:58 of 1st period - Shot Blocked by Patrik Nemeth.
12:00 of 1st period - Slapshot by Taylor Chorney.
12:00 of 1st period - Shot Blocked by Patrik Nemeth.
12:08 of 1st period - Slapshot by Dennis Everberg.
12:08 of 1st period - Deflect By Tim Schaller.
12:08 of 1st period - Stopped by Frederik Andersen without a rebound.
12:09 of 1st period - T.J Galiardi wins face-off versus Brandon Sutter in Rangers zone.
12:16 of 1st period - Snap shot by Henrik Samuelsson.
12:16 of 1st period - Deflect By Richard Panik.
12:16 of 1st period - Shot Misses the Net.
12:16 of 1st period - Puck is out of play.
12:17 of 1st period - Henrik Samuelsson wins face-off versus Brandon Sutter in Senateurs zone.
12:20 of 1st period - Snap shot by Henrik Samuelsson.
12:20 of 1st period - Shot Misses the Net.
12:36 of 1st period - Wrist shot by Henrik Samuelsson.
12:36 of 1st period - Stopped by Jaroslav Halak with a rebound.
12:40 of 1st period - Snap shot by Richard Panik.
12:40 of 1st period - Stopped by Jaroslav Halak with a rebound.
12:48 of 1st period - Snap shot by T.J Galiardi.
12:48 of 1st period - Stopped by Jaroslav Halak without a rebound.
12:49 of 1st period - Riley Sheahan wins face-off versus Tomas Hertl in Senateurs zone.
12:56 of 1st period - Ladislav Smid is hit by Ondrej Palat.
14:30 of 1st period - Ladislav Smid is hit by Vince Dunn and loses puck.
14:49 of 1st period - Snap shot by David Backes.
14:49 of 1st period - Stopped by Frederik Andersen without a rebound.
14:50 of 1st period - Brandon Sutter wins face-off versus Tomas Hertl in Rangers zone.
15:01 of 1st period - Tomas Hertl is hit by Derick Brassard and loses puck.
15:19 of 1st period - Off-side.
15:20 of 1st period - Sean Couturier wins face-off versus Erik Haula in neutral zone.
15:27 of 1st period - Wrist shot by Milan Lucic.
15:27 of 1st period - Stopped by Jaroslav Halak with a rebound.
15:33 of 1st period - Slapshot by Sean Couturier.
15:33 of 1st period - Deflect By Devante Smith-Pelly.
15:33 of 1st period - Shot Blocked by Taylor Chorney.
15:33 of 1st period - Puck is out of play.
15:34 of 1st period - Sean Couturier wins face-off versus Brandon Sutter in Senateurs zone.
15:37 of 1st period - Wrist shot by Devante Smith-Pelly.
15:37 of 1st period - Goal by Devante Smith-Pelly - Senateurs : 0 - Rangers : 1.
15:38 of 1st period - Brandon Sutter wins face-off versus Sean Couturier in neutral zone.
15:40 of 1st period - Off-side.
15:41 of 1st period - Sean Couturier wins face-off versus Brandon Sutter in neutral zone.
15:54 of 1st period - Snap shot by David Backes.
15:54 of 1st period - Stopped by Frederik Andersen without a rebound.
15:55 of 1st period - Erik Haula wins face-off versus Sean Couturier in Rangers zone.
16:22 of 1st period - David Backes is hit by Dmitry Kulikov and loses puck.
16:40 of 1st period - Icing by Erik Gudbranson.
16:41 of 1st period - Henrik Samuelsson wins face-off versus Brandon Sutter in Senateurs zone.
16:42 of 1st period - Snap shot by Cale Makar.
16:42 of 1st period - Stopped by Jaroslav Halak without a rebound.
16:43 of 1st period - Sean Couturier wins face-off versus Brandon Dubinsky in Senateurs zone.
16:52 of 1st period - Snap shot by Michael Frolik.
16:52 of 1st period - Shot Misses the Net.
16:54 of 1st period - Slapshot by Ladislav Smid.
16:54 of 1st period - Shot Misses the Net.
16:56 of 1st period - Slapshot by Ladislav Smid.
16:56 of 1st period - Stopped by Frederik Andersen with a rebound.
16:58 of 1st period - Wrist shot by Michael Frolik.
16:58 of 1st period - Stopped by Frederik Andersen without a rebound.
16:59 of 1st period - Tomas Hertl wins face-off versus Erik Haula in Rangers zone.
17:26 of 1st period - Devante Smith-Pelly is hit by Eric Gelinas and loses puck.
17:55 of 1st period - Henrik Samuelsson is hit by Rostislav Olesz and loses puck.
18:19 of 1st period - Off-side.
18:20 of 1st period - Cody Eakin wins face-off versus Ondrej Palat in neutral zone.
18:23 of 1st period - Snap shot by Eric Gelinas.
18:23 of 1st period - Goal by Eric Gelinas - Senateurs : 1 - Rangers : 1.
18:24 of 1st period - Sean Couturier wins face-off versus David Backes in neutral zone.
18:38 of 1st period - Wrist shot by Milan Lucic.
18:38 of 1st period - Stopped by Jaroslav Halak with a rebound.
18:40 of 1st period - Snap shot by Milan Lucic.
18:40 of 1st period - Shot Misses the Net.
18:59 of 1st period - Wrist shot by Derick Brassard.
18:59 of 1st period - Goal by Derick Brassard - Senateurs : 2 - Rangers : 1.
19:00 of 1st period - Tomas Hertl wins face-off versus Erik Haula in neutral zone.
19:57 of 1st period - Off-side.
19:58 of 1st period - Sean Couturier wins face-off versus Erik Haula in neutral zone.
Goals for this period are 2 for Senateurs vs 1 for Rangers.
Shots for this period are 15 for Senateurs vs 9 for Rangers.
2nd period
0:01 of 2nd period - Erik Haula wins face-off versus Milan Lucic in neutral zone.
0:09 of 2nd period - Slapshot by Jake McCabe.
0:09 of 2nd period - Stopped by Jaroslav Halak with a rebound.
0:11 of 2nd period - Backhand shot by Jake McCabe.
0:11 of 2nd period - Stopped by Jaroslav Halak with a rebound.
0:13 of 2nd period - Slapshot by Dmitry Kulikov.
0:13 of 2nd period - Stopped by Jaroslav Halak with a rebound.
0:15 of 2nd period - Slapshot by Chris Mcallister.
0:15 of 2nd period - Shot Misses the Net.
0:17 of 2nd period - Snap shot by Chris Mcallister.
0:17 of 2nd period - Goal by Chris Mcallister - Senateurs : 2 - Rangers : 2.
0:18 of 2nd period - Sean Couturier wins face-off versus Brandon Sutter in neutral zone.
0:52 of 2nd period - Cale Makar is hit by Jordan Martinook and loses puck.
1:33 of 2nd period - Dennis Everberg is hit by Milan Lucic and loses puck.
2:05 of 2nd period - Icing by Ondrej Palat.
2:06 of 2nd period - Tomas Hertl wins face-off versus Erik Haula in Rangers zone.
2:17 of 2nd period - Snap shot by Milan Lucic.
2:17 of 2nd period - Stopped by Jaroslav Halak without a rebound.
2:18 of 2nd period - Sean Couturier wins face-off versus Brandon Sutter in Senateurs zone.
2:46 of 2nd period - Off-side.
2:47 of 2nd period - Erik Haula wins face-off versus Tomas Hertl in neutral zone.
2:56 of 2nd period - Backhand shot by Jordan Martinook.
2:56 of 2nd period - Stopped by Frederik Andersen without a rebound.
2:57 of 2nd period - Sean Couturier wins face-off versus Brandon Sutter in Rangers zone.
3:10 of 2nd period - Wrist shot by David Backes.
3:10 of 2nd period - Stopped by Frederik Andersen without a rebound.
3:11 of 2nd period - Sean Couturier wins face-off versus Brandon Dubinsky in Rangers zone.
3:38 of 2nd period - Ondrej Palat is hit by Derick Brassard and loses puck.
4:01 of 2nd period - Snap shot by Riley Sheahan.
4:01 of 2nd period - Shot Misses the Net.
4:03 of 2nd period - Snap shot by Erik Haula.
4:03 of 2nd period - Shot Misses the Net.
4:05 of 2nd period - Slapshot by Mark Stuart.
4:05 of 2nd period - Shot Misses the Net.
4:23 of 2nd period - Slapshot by Mark Stuart.
4:23 of 2nd period - Deflect By Cale Makar.
4:23 of 2nd period - Stopped by Frederik Andersen without a rebound.
4:24 of 2nd period - Cody Eakin wins face-off versus Milan Lucic in Rangers zone.
4:38 of 2nd period - Wrist shot by Cody Eakin.
4:38 of 2nd period - Deflect By Tim Schaller.
4:38 of 2nd period - Stopped by Frederik Andersen without a rebound.
4:39 of 2nd period - Sean Couturier wins face-off versus Brandon Sutter in Rangers zone.
4:46 of 2nd period - Snap shot by Sean Couturier.
4:46 of 2nd period - Stopped by Jaroslav Halak without a rebound.
4:47 of 2nd period - Brandon Sutter wins face-off versus Sean Couturier in Senateurs zone.
5:04 of 2nd period - Snap shot by Devante Smith-Pelly.
5:04 of 2nd period - Stopped by Jaroslav Halak with a rebound.
5:06 of 2nd period - Snap shot by Sean Couturier.
5:06 of 2nd period - Stopped by Jaroslav Halak without a rebound.
5:07 of 2nd period - Erik Haula wins face-off versus Ryan Strome in Senateurs zone.
5:07 of 2nd period - Erik Haula is hit by Tomas Hertl.
5:17 of 2nd period - Snap shot by Jordan Martinook.
5:17 of 2nd period - Stopped by Frederik Andersen with a rebound.
5:42 of 2nd period - Wrist shot by David Backes.
5:42 of 2nd period - Stopped by Frederik Andersen without a rebound.
5:43 of 2nd period - Henrik Samuelsson wins face-off versus Brandon Dubinsky in Rangers zone.
6:24 of 2nd period - Icing by Michael Frolik.
6:25 of 2nd period - Sean Couturier wins face-off versus Brandon Dubinsky in Senateurs zone.
6:51 of 2nd period - Icing by Michael Frolik.
6:52 of 2nd period - Derick Brassard wins face-off versus Tomas Hertl in Senateurs zone.
6:52 of 2nd period - Derick Brassard is hit by Ryan Strome.
7:19 of 2nd period - Erik Haula is hit by Milan Lucic and loses puck.
7:46 of 2nd period - Wrist shot by Henrik Samuelsson.
7:46 of 2nd period - Stopped by Jaroslav Halak without a rebound.
7:47 of 2nd period - Brandon Sutter wins face-off versus Henrik Samuelsson in Senateurs zone.
7:57 of 2nd period - Wrist shot by Henrik Samuelsson.
7:57 of 2nd period - Deflect By David Backes.
7:57 of 2nd period - Shot Misses the Net.
7:57 of 2nd period - Puck is out of play.
7:58 of 2nd period - Brandon Sutter wins face-off versus Sean Couturier in Senateurs zone.
8:11 of 2nd period - Snap shot by Brandon Sutter.
8:11 of 2nd period - Stopped by Frederik Andersen with a rebound.
8:36 of 2nd period - Slapshot by Erik Gudbranson.
8:36 of 2nd period - Deflect By Riley Sheahan.
8:36 of 2nd period - Stopped by Frederik Andersen without a rebound.
8:37 of 2nd period - Brandon Sutter wins face-off versus Henrik Samuelsson in Rangers zone.
8:51 of 2nd period - Off-side.
8:52 of 2nd period - Riley Sheahan wins face-off versus Sean Couturier in neutral zone.
9:10 of 2nd period - Minor Penalty to Ladislav Smid for Holding.
9:11 of 2nd period - Brandon Sutter wins face-off versus Sean Couturier in Senateurs zone.
9:48 of 2nd period - Brandon Sutter is hit by Ryan Strome.
11:10 of 2nd period - Penalty to Ladislav Smid is over, Ladislav Smid is back on ice.
11:46 of 2nd period - Slapshot by Jake McCabe.
11:46 of 2nd period - Shot Misses the Net.
12:41 of 2nd period - Slapshot by David Backes.
12:41 of 2nd period - Stopped by Frederik Andersen with a rebound.
12:53 of 2nd period - Jordan Martinook is hit by Tomas Hertl and loses puck.
14:01 of 2nd period - Mikhail Sergachev is hit by Michael Frolik and loses puck.
14:22 of 2nd period - Devante Smith-Pelly is hit by Erik Gudbranson and loses puck.
14:42 of 2nd period - Mark Stuart is hit by Dmitry Kulikov and loses puck.
15:07 of 2nd period - Patrik Nemeth is hit by Michael Frolik and loses puck.
15:52 of 2nd period - Wrist shot by Tim Schaller.
15:52 of 2nd period - Stopped by Frederik Andersen with a rebound.
15:54 of 2nd period - Slapshot by Taylor Chorney.
15:54 of 2nd period - Stopped by Frederik Andersen with a rebound.
15:56 of 2nd period - Slapshot by Braydon Coburn.
15:56 of 2nd period - Deflect By Jake McCabe.
15:56 of 2nd period - Stopped by Frederik Andersen without a rebound.
15:57 of 2nd period - Riley Sheahan wins face-off versus Tomas Hertl in Rangers zone.
16:00 of 2nd period - Snap shot by Riley Sheahan.
16:00 of 2nd period - Shot Blocked by Jake McCabe.
17:10 of 2nd period - Vince Dunn is hit by Eric Gelinas and loses puck.
17:27 of 2nd period - Cale Makar is hit by Cody Eakin and loses puck.
18:31 of 2nd period - Snap shot by Tim Schaller.
18:31 of 2nd period - Shot Blocked by Sean Couturier.
19:21 of 2nd period - Milan Lucic is hit by Brandon Dubinsky.
19:56 of 2nd period - Minor Penalty to Chris Mcallister for Slashing.
19:57 of 2nd period - Brandon Sutter wins face-off versus Milan Lucic in Rangers zone.
Goals for this period are 0 for Senateurs vs 1 for Rangers.
Shots for this period are 12 for Senateurs vs 9 for Rangers.
3rd period
0:01 of 3rd period - Brandon Sutter wins face-off versus Milan Lucic in neutral zone.
0:04 of 3rd period - Wrist shot by Erik Gudbranson.
0:04 of 3rd period - Shot Blocked by Milan Lucic.
0:06 of 3rd period - Slapshot by Erik Gudbranson.
0:06 of 3rd period - Stopped by Frederik Andersen with a rebound.
0:26 of 3rd period - Jake McCabe is hit by Mark Stuart and loses puck.
0:31 of 3rd period - Snap shot by Jordan Martinook.
0:31 of 3rd period - Stopped by Frederik Andersen with a rebound.
0:33 of 3rd period - Wrist shot by Jordan Martinook.
0:33 of 3rd period - Shot Misses the Net.
0:53 of 3rd period - Slapshot by Tomas Hertl.
0:53 of 3rd period - Stopped by Jaroslav Halak without a rebound.
0:54 of 3rd period - Brandon Sutter wins face-off versus Tomas Hertl in Senateurs zone.
1:12 of 3rd period - Off-side.
1:13 of 3rd period - Milan Lucic wins face-off versus Erik Haula in neutral zone.
1:24 of 3rd period - Slapshot by Erik Gudbranson.
1:24 of 3rd period - Stopped by Frederik Andersen without a rebound.
1:25 of 3rd period - Brandon Sutter wins face-off versus Milan Lucic in Rangers zone.
1:26 of 3rd period - Wrist shot by David Backes.
1:26 of 3rd period - Stopped by Frederik Andersen without a rebound.
1:27 of 3rd period - Derick Brassard wins face-off versus Sean Couturier in Rangers zone.
1:56 of 3rd period - Penalty to Chris Mcallister is over, Chris Mcallister is back on ice.
2:12 of 3rd period - Snap shot by Derick Brassard.
2:12 of 3rd period - Goal by Derick Brassard - Senateurs : 3 - Rangers : 2.
2:13 of 3rd period - Erik Haula wins face-off versus Tomas Hertl in neutral zone.
2:40 of 3rd period - Richard Panik is hit by Mark Stuart and loses puck.
2:47 of 3rd period - Slapshot by Michael Frolik.
2:47 of 3rd period - Stopped by Frederik Andersen with a rebound.
2:55 of 3rd period - Erik Gudbranson is hit by Henrik Samuelsson and loses puck.
3:17 of 3rd period - Off-side.
3:18 of 3rd period - Erik Haula wins face-off versus Tomas Hertl in neutral zone.
3:21 of 3rd period - Snap shot by Eric Gelinas.
3:21 of 3rd period - Deflect By Cale Makar.
3:21 of 3rd period - Stopped by Frederik Andersen without a rebound.
3:22 of 3rd period - Tomas Hertl wins face-off versus Erik Haula in Rangers zone.
3:39 of 3rd period - Snap shot by Jordan Martinook.
3:39 of 3rd period - Stopped by Frederik Andersen without a rebound.
3:40 of 3rd period - Devante Smith-Pelly wins face-off versus Brandon Sutter in Rangers zone.
3:51 of 3rd period - Wrist shot by Sean Couturier.
3:51 of 3rd period - Stopped by Jaroslav Halak without a rebound.
3:52 of 3rd period - Brandon Sutter wins face-off versus Sean Couturier in Senateurs zone.
4:01 of 3rd period - Slapshot by Brandon Sutter.
4:01 of 3rd period - Goal by Brandon Sutter - Senateurs : 4 - Rangers : 2.
4:02 of 3rd period - Sean Couturier wins face-off versus Brandon Sutter in neutral zone.
5:14 of 3rd period - Snap shot by Oliver Bjorkstrand.
5:14 of 3rd period - Stopped by Jaroslav Halak without a rebound.
5:15 of 3rd period - Cody Eakin wins face-off versus Milan Lucic in Senateurs zone.
5:22 of 3rd period - Snap shot by Tim Schaller.
5:22 of 3rd period - Stopped by Frederik Andersen without a rebound.
5:23 of 3rd period - Sean Couturier wins face-off versus Brandon Sutter in Rangers zone.
6:00 of 3rd period - Slapshot by Riley Sheahan.
6:00 of 3rd period - Stopped by Frederik Andersen without a rebound.
6:01 of 3rd period - Sean Couturier wins face-off versus Rostislav Olesz in Rangers zone.
6:12 of 3rd period - Wrist shot by Brandon Dubinsky.
6:12 of 3rd period - Stopped by Frederik Andersen with a rebound.
6:14 of 3rd period - Snap shot by Rostislav Olesz.
6:14 of 3rd period - Shot Misses the Net.
6:16 of 3rd period - Snap shot by Eric Gelinas.
6:16 of 3rd period - Shot Misses the Net.
6:29 of 3rd period - Minor Penalty to Ladislav Smid for Roughing.
6:30 of 3rd period - Brandon Sutter wins face-off versus Sean Couturier in Senateurs zone.
7:05 of 3rd period - Slapshot by Jake McCabe.
7:05 of 3rd period - Shot Misses the Net.
7:07 of 3rd period - Backhand shot by Dmitry Kulikov.
7:07 of 3rd period - Stopped by Jaroslav Halak without a rebound.
7:08 of 3rd period - Erik Haula wins face-off versus Sean Couturier in Senateurs zone.
7:52 of 3rd period - Jake McCabe is hit by Jordan Martinook and loses puck.
8:29 of 3rd period - Penalty to Ladislav Smid is over, Ladislav Smid is back on ice.
8:43 of 3rd period - Ladislav Smid is hit by Ondrej Palat and loses puck.
9:46 of 3rd period - Rostislav Olesz is hit by Patrik Nemeth and loses puck.
10:19 of 3rd period - Richard Panik is hit by Ladislav Smid.
10:33 of 3rd period - Slapshot by Tomas Hertl.
10:33 of 3rd period - Stopped by Jaroslav Halak without a rebound.
10:34 of 3rd period - Tomas Hertl wins face-off versus Brandon Sutter in Senateurs zone.
10:35 of 3rd period - Wrist shot by Ryan Strome.
10:35 of 3rd period - Shot Blocked by Mark Stuart.
10:37 of 3rd period - Slapshot by Dmitry Kulikov.
10:37 of 3rd period - Stopped by Jaroslav Halak with a rebound.
10:39 of 3rd period - Wrist shot by Ondrej Palat.
10:39 of 3rd period - Stopped by Jaroslav Halak without a rebound.
10:40 of 3rd period - Brandon Sutter wins face-off versus Sean Couturier in Senateurs zone.
11:13 of 3rd period - Wrist shot by Riley Sheahan.
11:13 of 3rd period - Shot Blocked by Dmitry Kulikov.
11:15 of 3rd period - Slapshot by Erik Haula.
11:15 of 3rd period - Shot Misses the Net.
11:17 of 3rd period - Slapshot by Riley Sheahan.
11:17 of 3rd period - Stopped by Frederik Andersen with a rebound.
11:33 of 3rd period - Snap shot by T.J Galiardi.
11:33 of 3rd period - Shot Misses the Net.
11:35 of 3rd period - Wrist shot by T.J Galiardi.
11:35 of 3rd period - Stopped by Jaroslav Halak with a rebound.
11:37 of 3rd period - Snap shot by Dmitry Kulikov.
11:37 of 3rd period - Shot Misses the Net.
11:39 of 3rd period - Snap shot by Dmitry Kulikov.
11:39 of 3rd period - Shot Misses the Net.
11:41 of 3rd period - Snap shot by Henrik Samuelsson.
11:41 of 3rd period - Shot Blocked by Ladislav Smid.
11:51 of 3rd period - Minor Penalty to Eric Gelinas for Hooking.
11:52 of 3rd period - Erik Haula wins face-off versus Sean Couturier in Senateurs zone.
12:25 of 3rd period - Slapshot by Patrik Nemeth.
12:25 of 3rd period - Goal by Patrik Nemeth - Senateurs : 4 - Rangers : 3.
12:26 of 3rd period - Tomas Hertl wins face-off versus Brandon Sutter in neutral zone.
12:39 of 3rd period - Wrist shot by Ondrej Palat.
12:39 of 3rd period - Shot Misses the Net.
13:25 of 3rd period - Wrist shot by Michael Frolik.
13:25 of 3rd period - Stopped by Frederik Andersen without a rebound.
13:26 of 3rd period - Brandon Sutter wins face-off versus Sean Couturier in Rangers zone.
14:15 of 3rd period - Off-side.
14:16 of 3rd period - Brandon Dubinsky wins face-off versus Henrik Samuelsson in neutral zone.
14:21 of 3rd period - Snap shot by Michael Frolik.
14:21 of 3rd period - Shot Misses the Net.
14:23 of 3rd period - Snap shot by Brandon Dubinsky.
14:23 of 3rd period - Shot Blocked by Jake McCabe.
14:25 of 3rd period - Slapshot by Rostislav Olesz.
14:25 of 3rd period - Shot Misses the Net.
15:27 of 3rd period - Wrist shot by Cody Eakin.
15:27 of 3rd period - Deflect By Tim Schaller.
15:27 of 3rd period - Stopped by Frederik Andersen with a rebound.
15:57 of 3rd period - Slapshot by Richard Panik.
15:57 of 3rd period - Stopped by Jaroslav Halak with a rebound.
16:15 of 3rd period - Snap shot by Milan Lucic.
16:15 of 3rd period - Shot Misses the Net.
16:29 of 3rd period - Slapshot by Braydon Coburn.
16:29 of 3rd period - Shot Blocked by Sean Couturier.
18:10 of 3rd period - Tomas Hertl is hit by Jordan Martinook and loses puck.
18:35 of 3rd period - T.J Galiardi is hit by Derick Brassard and loses puck.
18:50 of 3rd period - Minor Penalty to Michael Frolik for Tripping.
18:51 of 3rd period - Erik Haula wins face-off versus Sean Couturier in Senateurs zone.
18:56 of 3rd period - Sean Couturier is hit by Jordan Martinook and loses puck.
Goals for this period are 2 for Senateurs vs 1 for Rangers.
Shots for this period are 15 for Senateurs vs 10 for Rangers.